 Dungeon Crawl Stone Soup version 0.29.1-2-gbd0b4ee654 (webtiles) character file.

Game seed: 5388003827481948005

65 styxcanada the Sneak (level 3, 0/18 HPs)
             Began as a Spriggan Brigand on Nov 12, 2022.
             Killed from afar by Sigmund (5 damage)
             ... with a puff of flame
             ... on level 2 of the Dungeon on Nov 13, 2022.
             The game lasted 00:05:34 (1801 turns).

styxcanada the Sneak (Spriggan Brigand)             Turns: 1801, Time: 00:05:34

Health: 0/18       AC:  3    Str:  7    XL:     3   Next: 94%
Magic:  4/4        EV: 16    Int: 12    God:
Gold:   105        SH:  0    Dex: 18    Spells: 2/2 levels left

rFire   . . .      SeeInvis +   a - +2 dagger
rCold   . . .      Faith    .   (no shield)
rNeg    . . .      Spirit   .   b - +0 robe
rPois   .          Reflect  .   (helmet restricted)
rElec   .          Harm     .   c - +0 cloak
rCorr   .          Rampage  .   (gloves unavailable)
Will    .....                   (boots unavailable)
Stlth   ++++......              (no amulet)
HPRegen 0.06/turn               (no ring)
MPRegen 0.09/turn               (no ring)

@: very quick
A: very small, no large weapons, unfitting armour, see invisible, speed 3
a: no special abilities


You were on level 2 of the Dungeon.
You visited 1 branch of the dungeon, and saw 2 of its levels.

You collected 105 gold pieces.

Inventory:

Hand Weapons
 a - a +2 dagger (weapon)
Missiles
 d - 9 poisoned darts (quivered)
 e - 3 curare-tipped darts
 g - 24 stones
Armour
 b - a +0 robe (worn)
 c - a +0 cloak (worn)
Potions
 h - a potion of berserk rage {unknown}
 j - a potion of invisibility
 k - 3 potions of curing {unknown}
 m - a potion of haste {unknown}
 o - a potion of mutation {unknown}


   Skills:
 * Level 1.7 Fighting
 + Level 2.9 Short Blades
 + Level 2.3 Throwing
 * Level 1.4 Dodging
 * Level 7.5 Stealth


You had 2 spell levels left.
You didn't know any spells.
Your spell library contained the following spells:

 Spells                   Type           Power      Damage    Failure   Level
 Freeze                   Ice            0%         1d3       32%         1
 Frozen Ramparts          Ice            0%         1d1       69%         3
 Hailstorm                Conj/Ice       0%         3d3       97%         4


Dungeon Overview and Level Annotations

Branches:
Dungeon (2/15)

Altars:

Annotations:
D:2 Sigmund


Innate Abilities, Weirdness & Mutations

You are very small and have problems with some larger weapons.
You are too small for most types of armour.
You have supernaturally acute eyesight. (SInv)
You cover ground extremely quickly. (Speed+++)


Message History

Press: ? - help, Q - select action, (/) - cycle Shift-Dir - straight line, f - you
Okay, then.
d - 10 poisoned darts (gained 1)
You start resting.
Sigmund is nearby!
Throw: 10 darts (poison)
Press: ? - help, Q - select action, (/) - cycle Shift-Dir - straight line, f/p - Sigmund
Aim: Sigmund, wielding a +0 scythe and wearing a +0 robe (severely wounded, slightly transparent, poisoned, 58% to hit)
You throw a poisoned dart.
The poisoned dart closely misses Sigmund.
Throw: 9 darts (poison)
Press: ? - help, Q - select action, (/) - cycle Shift-Dir - straight line, f/p - Sigmund
Aim: Sigmund, wielding a +0 scythe and wearing a +0 robe (severely wounded, slightly transparent, poisoned, 58% to hit)
You throw a poisoned dart.
The poisoned dart closely misses Sigmund.
Sigmund casts a spell at you.
You are confused.
You're too confused to move!
Sigmund barely misses you.
You bump into the rock wall.
Sigmund completely misses you.
You bump into the rock wall.
Sigmund looks more healthy.
Sigmund misses you.
You bump into the rock wall.
You feel less confused.
Sigmund points at you and mumbles some strange words.
The magic dart hits you.
* * * LOW HITPOINT WARNING * * *
Sigmund points at you and mumbles some strange words.
You resist with some effort.
You see here a poisoned dart.
Throw: 8 darts (poison)
Press: ? - help, Q - select action, (/) - cycle Shift-Dir - straight line, f/p - Sigmund
Aim: Sigmund, wielding a +0 scythe and wearing a +0 robe (almost dead, slightly transparent, 58% to hit)
You throw a poisoned dart.
The poisoned dart closely misses Sigmund.
d - 8 poisoned darts (gained 1)
You see here a +0 short sword.
d - 9 poisoned darts (gained 1) Sigmund points at you and mumbles some strange words.
The puff of flame hits you.
You die...

#.......### #..(...(..#
#..[...##.# ####.####.###
####### ######@# #>..###.^...##
#......# ###..#.......##
########.#...# ##..........#
......##.##.@#######..........#
..............).@.###.........#
......####..#####.....).......#
......# ##.# #####.........#
#.##### #.###### #..(......##
#.# #......## #..........## #.#
######..###.....)...... #.#
##..##).........). #.##
##..#...<.....#.. ...##
##....).....##..


You could see Sigmund (invisible).

Vanquished Creatures
  4 gnolls (D:2)
  2 dart slugs (D:1)
  An endoplasm (D:2)
  A giant cockroach (D:1)
  5 goblins
  A hobgoblin (D:1)
  2 quokkas (D:1)
  2 ball pythons (D:1)
  2 bats (D:1)
  A frilled lizard (D:1)
  2 kobolds (D:2)
23 creatures vanquished.

Notes
Turn   | Place    | Note
-------+----------+-------------------------------------------
     0 | D:1      | styxcanada the Spriggan Brigand began the quest for the
                  | Orb.
     0 | D:1      | Reached XP level 1. HP: 10/10 MP: 2/2
    88 | D:1      | Reached skill level 6 in Stealth
   297 | D:1      | Reached XP level 2. HP: 9/14 MP: 3/3
  1001 | D:2      | Reached skill level 7 in Stealth
  1001 | D:2      | Reached XP level 3. HP: 16/18 MP: 4/4
  1731 | D:2      | Noticed Sigmund
  1801 | D:2      | Killed from afar by Sigmund

Illustrated notes

Levels and vault maps discovered:
D:1:      ebering_hopf_link, layout_basic, chequers_hall_statues_y,
          minmay_misc_feat_doors
D:2:      layout_rooms, uniq_sigmund

Skill      XL: |  1  2 |
---------------+-------+-----
Stealth        | 6 7 |  7.5
Fighting       | |  1.7
Short Blades   | |  2.9
Throwing       | |  2.3
Dodging        | |  1.4

Action                   || total
-------------------------++-------
Melee: Dagger            ||    54
Throw: Dart              ||    20
  Use: Scroll            ||     6
 Stab: Sleeping          ||    10
Armor: Robe              ||     2
Dodge: Dodged            ||    32
